 Dungeon Crawl Stone Soup version 0.31-a0-1009-g454b1f1e0a (webtiles) character file.

Game seed: 5301705110524226952

165 ChronoRanger the Conjurer (level 5, -4/38 HPs)
             Began as a Draconian Conjurer on Nov 15, 2023.
             Constricted to death by Ijyb (6 damage)
             ... on level 3 of the Dungeon.
             The game lasted 00:07:38 (4010 turns).

ChronoRanger the Conjurer (Draconian Conjurer)      Turns: 4010, Time: 00:07:39

Health: -4/38      AC:  5    Str:  9    XL:     5   Next: 22%
Magic:  0/9        EV:  9    Int: 20    God:
Gold:   148        SH:  0    Dex: 10    Spells: 3/10 levels left

rFire   . . .        e - +1 dagger (flame)
rCold   . . .        (no shield)
rNeg    . . .        (body armour unavailable)
rPois   .            (helmet restricted)
rElec   .            (no cloak)
rCorr   .            (no gloves)
SInv    .            (no boots)
Will    .....        (no amulet)
Stlth   ++           (no ring)
HPRegen 0.26/turn    (no ring)
MPRegen 0.11/turn

%: no passive effects
@: grasped by roots, constricted
A: AC +5, unfitting armour, cold-blooded
a: no special abilities


You were on level 3 of the Dungeon.
You visited 1 branch of the dungeon, and saw 4 of its levels.

You collected 148 gold pieces.

Inventory:

Hand Weapons
 e - a +1 dagger of flaming (weapon)
Potions
 c - a potion of mutation {unknown}
 f - a potion of haste
 h - a potion of curing {unknown}


   Skills:
 - Level 1.7 Dodging
 - Level 1.7 Stealth
 * Level 3.3 Spellcasting
 + Level 5.8 Conjurations


You had 3 spell levels left.
You knew the following spells:

 Your Spells              Type           Power      Damage    Failure   Level
a - Magic Dart            Conj           100%       1d8       1%          1
b - Searing Ray           Conj           52%        2d6       1%          2
c - Fulminant Prism       Conj/Hex       7%         3d7       38%         4

Your spell library contained the following spells:

 Spells                   Type           Power      Damage    Failure   Level
 Momentum Strike          Conj/Tloc      30%        3d8       6%          2
 Dazzling Flash           Conj/Hex       30%        N/A       12%         3
 Blink                    Tloc           6%         N/A       22%         2
 Lesser Beckoning         Tloc           6%         N/A       22%         2
 Gell's Gravitas          Tloc           3%         N/A       38%         3
 Teleport Other           Tloc           3%         N/A       38%         3
 Iskenderun's Mystic Bla  Conj/Tloc      15%        2d5       38%         4


Dungeon Overview and Level Annotations

Branches:
Dungeon (4/15)
 Temple: D:4-7

Altars:

Shops:
D:2 (

Annotations:
D:3 Ijyb
D:4 Eustachio


Innate Abilities, Weirdness & Mutations

Your plain brown scales are hard. (AC +5)
You cannot fit into any form of body armour.
You are cold-blooded and may be slowed by cold attacks.


Message History

Confirm with . or Enter, or press ? or * to list all spells.
Aiming: Searing Ray (safe; 1% risk of failure)
Press: ? - help, Shift-Dir - straight line, f - Ijyb
Aim: Ijyb, wielding a +0 dagger, wearing a +0 ring mail and carrying a wand of roots (moderately wounded, 77% to hit)
The searing ray hits Ijyb but does no damage.
Ijyb is moderately wounded. (Press . to maintain the ray.)
The adder bites you.
* * * LOW HITPOINT WARNING * * *
You are poisoned.
The adder poisons you!
Ijyb screams, "It's all mine!"
Ijyb hits you with a +0 dagger.
* * * LOW HITPOINT WARNING * * *
You feel sick. The adder bites you but does no damage.
Ijyb zaps a wand.
The roots erupt in riotous growth!
The grasping roots grab you!
The adder is unaffected.
The grasping roots constrict you.
* * * LOW HITPOINT WARNING * * *
You escape the roots grasp.
You feel sick. The adder misses you.
You feel sick. The adder attacks as it pursues you!
The adder closely misses you. The adder misses you.
Casting: Searing Ray (safe; 1% risk of failure)
Confirm with . or Enter, or press ? or * to list all spells.
Aiming: Magic Dart (safe; 1% risk of failure)
Press: ? - help, Shift-Dir - straight line, f/p - Ijyb
Aim: Ijyb, wielding a +0 dagger, wearing a +0 ring mail and carrying a wand of roots (moderately wounded, 100% to hit)
The magic dart hits the adder.
The adder is moderately wounded.
You feel sick. The adder bites you.
* * * LOW HITPOINT WARNING * * *
You feel sick.
You are no longer poisoned.
The adder attacks as it pursues you! The adder bites you.
* * * LOW HITPOINT WARNING * * *
Ijyb screams, "Level is mine!
All mine!"
Ijyb zaps a wand.
The roots erupt in riotous growth!
The adder is unaffected.
The grasping roots grab you! The grasping roots constrict you.
You die...

####.##### #.# #.# #........#
#.# #.#
#.##.###.######.#########.#
#.##........##........>..>#
#.######.##.#....>#########
#........##.##...g#
##########.#.##.#.# ##<###.#.#S#
#.## ##..@.# ##.###.#.###
##.#.##.# ##########.###<#
#.......#### #.# #######
#.#####.# #.# #.....####### #.#
#.# #.# #.##........#
#.#####.### #.# #.##..#####.#
#.#.......####.#####..#..#####.#


You could see Ijyb and an adder.

Vanquished Creatures
  An orc priest (D:3)
  5 adders
  2 worms
  4 dart slugs
  5 orcs
  4 bats
  5 endoplasms
  3 giant cockroaches
  8 hobgoblins
  3 jackals (D:4)
  2 kobolds
  2 quokkas (D:1)
  6 ball pythons
  10 frilled lizards
  5 goblins
  7 rats
72 creatures vanquished.

Notes
Turn   | Place    | Note
-------+----------+-------------------------------------------
     0 | D:1      | ChronoRanger the Draconian Conjurer began the quest for the
                  | Orb.
     0 | D:1      | Reached XP level 1. HP: 14/14 MP: 3/3
   225 | D:1      | Reached XP level 2. HP: 20/20 MP: 3/5
   397 | D:1      | Learned a level 2 spell: Searing Ray
   836 | D:1      | Reached XP level 3. HP: 26/26 MP: 3/6
  1362 | D:2      | Reached skill level 5 in Conjurations
  1673 | D:2      | Reached XP level 4. HP: 24/33 MP: 2/8
  1678 | D:2      | Learned a level 4 spell: Fulminant Prism
  2213 | D:2      | Found Qebahamp's Antique Weapon Shop.
  2890 | D:3      | Reached XP level 5. HP: 27/38 MP: 5/9
  3865 | D:4      | Noticed Eustachio
  3963 | D:4      | Noticed Ijyb
  4010 | D:3      | Constricted to death by Ijyb

Illustrated notes

Levels and vault maps discovered:
D:1:      giann_bridges, layout_basic, minmay_lizard_king
D:2:      layout_basic, serial_shops, shop
D:3:      layout_loops_corners
D:4:      layout_basic, mainiacjoe_overflow_catch_the_wave, patterned_corridor,
          uniq_eustachio, uniq_ijyb

Skill      XL: |  1  2  3  4 |
---------------+-------------+-----
Conjurations   | 5 |  5.8
Spellcasting   | 3 |  3.3
Dodging        | |  1.7
Stealth        | |  1.7

Action                     |  1- 3 |  4- 6 || total
---------------------------+-------+-------++-------
  Melee: Unarmed           |    10 |       ||    10
         Tailslap          |     5 |       ||     5
         Dagger            |    20 |     1 ||    21
   Cast: Magic Dart        |    83 |    64 ||   147
         Searing Ray       |       |     8 ||     8
    Use: Scroll            |     2 |     6 ||     8
         Potion            |       |     1 ||     1
 Armour: Skin              |    26 |    10 ||    36
  Dodge: Dodged            |    20 |    19 ||    39

Table legend: (Time is in decaauts)
 A = Elapsed time spent in this place.
 B = Non-inter-level travel time spent in this place.
 C = Inter-level travel time spent in this place.
 D = Time resting spent in this place.
 E = Time spent auto-exploring this place.
 F = Levels seen in this place.
 G = Mean time per level.
                   A        B        C        D        E       F      G
               +--------+--------+--------+--------+--------+-----+--------+
         Total |   4010 |   3841 |    169 |    113 |   3318 |   4 | 1002.5 |
       Dungeon |   4010 |   3841 |    169 |    113 |   3318 |   4 | 1002.5 |
               +--------+--------+--------+--------+--------+-----+--------+

Top non-repeatable levels by time:
     D:3: 1500 daAuts
     D:2: 1355 daAuts
     D:1: 1116 daAuts
     D:4: 38 daAuts
